 Dungeon Crawl Stone Soup version 0.24.0-41-g2ae2f7f1be (webtiles) character file.

Game seed: 8995562110116197306, levelgen mode: deterministic

68 Exsarin the Insei (level 4, -2/28 HPs)
             Began as an Octopode Transmuter on Dec 15, 2019.
             Shot with an arrow by a centaur (11 damage)
             ... on level 5 of the Dungeon.
             The game lasted 00:38:11 (3454 turns).

Exsarin the Insei (Octopode Transmuter)             Turns: 3454, Time: 00:38:12

Health: -2/28      AC:  6    Str: 10    XL:     4   Next: 19%
Magic:  16/16      EV: 14    Int: 15    God:
Gold:   77         SH:  0    Dex: 12    Spells: 6/7 levels left

rFire    . . .     SeeInvis .     - Unarmed
rCold    . . .     Gourm    .   (no shield)
rNeg     . . .     Faith    .   (helmet restricted)
rPois    .         Spirit   .   (no amulet)
rElec    .         Reflect  .   h - ring of magical power
rCorr    .         Harm     .   j - +5 ring of protection
MR       .....                  (no ring)
Stlth    +++.......             (no ring)
HPRegen  0.09/turn              (no ring)
MPRegen  0.15/turn              (no ring)
                                (no ring)
                                (no ring)

@: no status effects
A: almost no armour, stealthy swim, amphibious, 8 rings, constrict 8, camouflage
1, gelatinous body 1
a: no special abilities


You were on level 5 of the Dungeon.
You were hungry.

You visited 1 branch of the dungeon, and saw 5 of its levels.

You collected 77 gold pieces.

Inventory:

Hand Weapons
 m - a +0 dagger
 n - a +0 dagger
 q - a +0 hunting sling
Missiles
 a - 12 arrows
Armour
 o - a +0 scale mail
 p - a cursed +0 scale mail
Jewellery
 h - a ring of magical power (left tentacle)
 j - a +5 ring of protection (right tentacle)
Scrolls
 d - 2 scrolls of enchant weapon {unknown}
 e - a scroll of teleportation {unknown}
 g - a scroll of magic mapping {unknown}
 i - a scroll of fog {unknown}
 k - a scroll of immolation {unknown}
 l - 2 scrolls of identify {unknown}
 r - a scroll of remove curse {unknown}
Potions
 b - 2 potions of curing {unknown}
 f - 3 potions of heal wounds {unknown}
Comestibles
 c - 3 rations


   Skills:
 + Level 1.0 Fighting
 + Level 2.8 Dodging
 + Level 1.6 Stealth
 + Level 3.8 Unarmed Combat
 + Level 2.2 Spellcasting
 + Level 2.3 Transmutations


You had 6 spell levels left.
You knew the following spells:

 Your Spells              Type           Power        Failure   Level  Hunger
a - Beastly Appendage     Tmut           #.....       9%          1    #......

Your spell library contained the following spells:

 Spells                   Type           Power        Failure   Level  Hunger
 Sticks to Snakes         Tmut           #.......     13%         2    ###....
 Spider Form              Tmut/Pois      #.........   38%         3    ###....
 Ice Form                 Ice/Tmut       #.......     80%         4    #####..
 Blade Hands              Tmut           #.........   93%         5    ######.


Dungeon Overview and Level Annotations

Branches:
Dungeon (5/15)
 Temple: D:4-7

Altars:
Zin
The Shining One


Innate Abilities, Weirdness & Mutations

You cannot wear most types of armour.
You are very stealthy in the water. (Stealth+)
You are amphibious.
You can wear up to eight rings at the same time.
You can use your tentacles to constrict eight enemies at once.
Your skin changes colour to match your surroundings (Stealth+).
Your rubbery body absorbs attacks. (AC +1, EV +1)


Message History

You tentacle-slap the ooze.
You kill the ooze!
Found 17 gold pieces.
A giant cockroach comes into view.
You see here 17 gold pieces.
An orc comes into view. It is wielding a +0 trident.
A centaur comes into view.
The centaur shouts!
The orc shouts!
You hear a shout!
The orc misses you.
The centaur wields a +0 shortbow.
The centaur shoots an arrow.
The arrow barely misses you. The orc closely misses you.
The centaur shoots an arrow.
The arrow hits you.
You see here an arrow.
The orc hits you but does no damage.
The centaur shoots an arrow.
The arrow hits you!
You see here an arrow.
You barely miss the orc. You grab the orc.
You constrict the orc, but do no damage.
The centaur shoots an arrow.
The arrow hits you!
You die...

... #.# #.. #.# #.# #.#
#o# # ##@###....
#.(...c... #.#####.##
#.# ... ........ #.# #.#
....#s.# # #.#
#.#.##..#..#.#
#######.###.#.##..#..#.#
#.......................
########.##.####..#..#.#


You could see a centaur and an orc.

Vanquished Creatures
  3 adders
  2 oozes
  A worm (D:2)
  A leopard gecko (D:3)
  2 orcs (D:3)
  2 bats
  A giant cockroach (D:1)
  A goblin (D:1)
  3 hobgoblins
  3 jackals (D:1)
  3 kobolds
  A quokka (D:2)
  2 frilled lizards
  2 rats
27 creatures vanquished.

Notes
Turn   | Place    | Note
-------+----------+-------------------------------------------
     0 | D:1      | Exsarin the Octopode Transmuter began the quest for the
                  | Orb.
     0 | D:1      | Reached XP level 1. HP: 13/13 MP: 3/3
   603 | D:1      | Reached XP level 2. HP: 11/18 MP: 5/5
  1813 | D:1      | Paralysed by fainting for 10 turns
  1857 | D:1      | Paralysed by fainting for 10 turns
  1879 | D:1      | Paralysed by fainting for 8 turns
  1905 | D:1      | Paralysed by fainting for 8 turns
  2290 | D:2      | Found a glowing silver altar of Zin.
  2290 | D:2      | Found a glowing golden altar of the Shining One.
  2441 | D:2      | Reached XP level 3. HP: 18/23 MP: 6/6
  2880 | D:3      | Reached skill level 1 in Stealth
  2946 | D:3      | Paralysed by fainting for 11 turns
  3006 | D:3      | Reached XP level 4. HP: 21/28 MP: 7/7
  3011 | D:3      | Paralysed by fainting for 9 turns
  3031 | D:3      | Paralysed by fainting for 9 turns
  3263 | D:5      | Entered Level 5 of the Dungeon
  3451 | D:5      | Noticed a centaur
  3454 | D:5      | Shot with an arrow by a centaur

Levels and vault maps discovered:
D:1:      minmay_arrival_split_and_join, layout_rooms, corexii_hall_statues_l,
          minmay_misc_feat_more_columns, grunt_decor_one_mirror,
          minmay_split_cup_small
D:2:      layout_loops_corners, kennysheep_slug_shrine,
          nicolae_overflow_hidden_temple, columned_hall_lemuel
D:3:      layout_basic
D:4:      layout_basic, first_ration
D:5:      layout_basic, nicolae_overflow_crystal_walls, kennysheep_another_room,
          minmay_misc_feat_ornament

Skill      XL: |  1  2  3 |
---------------+----------+-----
Stealth        | 1 |  1.6
Fighting       | |  1.0
Dodging        | |  2.8
Unarmed Combat | |  3.8
Spellcasting   | |  2.2
Transmutations | |  2.3

Action                   |  1- 3 |  4- 6 || total
-------------------------+-------+-------++-------
Melee: Unarmed           |    62 |    12 ||    74
       Constrict         |    18 |     2 ||    20
       Tentacles         |    11 |     1 ||    12
       Kick              |     3 |       ||     3
 Cast: Beastly Appendage |     1 |       ||     1
 Stab: Sleeping          |     2 |     2 ||     4
  Eat: Ration            |     1 |     1 ||     2
Armor: Skin              |    22 |     5 ||    27
Dodge: Dodged            |    53 |     8 ||    61
